 Dungeon Crawl Stone Soup version 0.28-a0-850-g09de17f5b5 (webtiles) character file.

Game seed: 15486123939270173919

81 Froggeryz the Sneak (level 4, -2/25 HPs)
             Began as a Gargoyle Enchanter on Nov 14, 2021.
             Slain by a gnoll (7 damage)
             ... on level 6 of the Dungeon.
             The game lasted 00:02:20 (2480 turns).

Froggeryz the Sneak (Gargoyle Enchanter)            Turns: 2480, Time: 00:02:20

Health: -2/25      AC:  8    Str: 12    XL:     4   Next: 42%
Magic:  7/7        EV: 11    Int: 16    God:
Gold:   62         SH:  0    Dex: 10    Spells: 7/7 levels left

rFire   . . .      SeeInvis .   a - +1 dagger
rCold   . . .      Faith    .   (no shield)
rNeg    + . .      Spirit   .   j - +0 leather armour
rPois   ∞          Reflect  .   g - +0 helmet
rElec   +          Harm     .   r - +0 cloak
rCorr   .          Rampage  .   (no gloves)
Will    .....                   (no boots)
Stlth   ++........              (no amulet)
HPRegen 0.08/turn               (no ring)
MPRegen 0.10/turn               (no ring)

@: no status effects
A: sickness immunity, AC +3, negative energy resistance 1, electricity
resistance, torment resistance 1, petrification resistance
a: no special abilities


You were on level 6 of the Dungeon.
You visited 1 branch of the dungeon, and saw 4 of its levels.

You collected 62 gold pieces.

Inventory:

Hand Weapons
 a - a +1 dagger (weapon)
 d - a +0 hunting sling
 h - a +0 club
 s - a +0 flail
 t - a +1 whip of venom
Missiles
 e - 22 stones (quivered)
 f - 34 sling bullets
Armour
 g - a +0 helmet (worn)
 j - a +0 leather armour (worn)
 p - a +0 buckler
 r - a +0 cloak (worn)
Scrolls
 b - a scroll of fog {unknown}
 i - a scroll of acquirement {unknown}
 l - a scroll of immolation {unknown}
 m - a scroll of amnesia {unknown}
 n - a scroll of enchant armour {unknown}
 o - a scroll of identify {unknown}
Potions
 c - a potion of invisibility
 k - 2 potions of curing {unknown}
 q - 2 potions of magic {unknown}


   Skills:
 - Level 1.0 Fighting
 - Level 0.8 Short Blades
 * Level 3.0 Maces & Flails
 - Level 1.0 Armour
 - Level 1.5 Dodging
 - Level 3.2 Stealth
 * Level 1.5 Shields
 - Level 2.0 Spellcasting
 - Level 2.6 Hexes


You had 7 spell levels left.
You didn't know any spells.
Your spell library contained the following spells:

 Spells                   Type           Power      Damage    Failure   Level
 Ensorcelled Hibernation  Hex/Ice        10%        N/A       22%         2
 Beastly Appendage        Tmut           2%         N/A       26%         1
 Confusing Touch          Hex            10%        N/A       26%         3
 Tukima's Dance           Hex            10%        N/A       26%         3
 Wereblood                Tmut           1%         N/A       36%         2
 Dazzling Flash           Conj/Hex       10%        N/A       41%         3
 Portal Projectile        Hex/Tloc       10%        N/A       41%         3
 Call Canine Familiar     Summ           1%         N/A       61%         3
 Spider Form              Tmut/Pois      1%         N/A       61%         3
 Leda's Liquefaction      Hex/Erth       2%         N/A       83%         4


Dungeon Overview and Level Annotations

Branches:
Dungeon (3/15)

Altars:


Innate Abilities, Weirdness & Mutations

You are immune to sickness and miasma.
Your stone body is resilient. (AC +3)
You are immune to poison.
You resist negative energy. (rN+)
You are resistant to electric shocks. (rElec)
You are resistant to unholy torment.
You are immune to petrification.


Message History

Press: ? - help, v - describe, . - travel
Here: a gnoll, wielding a +1 whip of venom (lightly wounded)
The floor.
Unknown command.
Unknown command.
You hit the gnoll.
The gnoll is moderately wounded.
The gnoll hits you from afar with a +0 spear.
You barely miss the gnoll.
The gnoll is moderately wounded.
The gnoll hits you but does no damage. The gnoll barely misses you.
You hit the gnoll but do no damage.
The gnoll is moderately wounded.
The gnoll hits you but does no damage. x2
You hit the gnoll.
The gnoll is heavily wounded.
The gnoll barely misses you. The gnoll closely misses you.
You hit the gnoll but do no damage.
The gnoll is heavily wounded.
The gnoll misses you.
The gnoll hits you from afar with a +0 spear.
You hit the gnoll.
The gnoll is severely wounded.
The gnoll hits you with a +1 whip of venom.
The gnoll hits you from afar with a +0 spear.
You closely miss the gnoll.
The gnoll is severely wounded.
The gnoll hits you but does no damage. The gnoll closely misses you.
You hit the gnoll.
You kill the gnoll!
The gnoll barely misses you.
Your Maces & Flails skill increases to level 3!
The gnoll hits you from afar with a +0 spear. x2
* * * LOW HITPOINT WARNING * * *
Things that are here:
a +1 whip of venom; a gnoll corpse
t - a +1 whip of venom The gnoll barely misses you.
The gnoll hits you from afar with a +0 spear!
You die...

########################
#........#......#.......
#........+......#.......
#........#......#.......
#........#......#g......
#........#.....@'.......
#........#......#g......
#........#......#.......
#...##...###....####.##.
###+##...# #....# #
.....+.......
......#........
Y......#........
........#.......


You could see 2 gnolls.

Vanquished Creatures
  A bullfrog zombie (D:6)
  2 adders (D:2)
  A gnoll (D:6)
  3 ball pythons
  A bat (D:2)
  An endoplasm (D:1)
  A giant cockroach (D:1)
  A goblin (D:1)
  4 hobgoblins
  2 kobolds (D:2)
  A quokka (D:1)
  6 frilled lizards
  A rat (D:1)
25 creatures vanquished.

Notes
Turn   | Place    | Note
-------+----------+-------------------------------------------
     0 | D:1      | Froggeryz the Gargoyle Enchanter began the quest for the
                  | Orb.
     0 | D:1      | Reached XP level 1. HP: 10/10 MP: 3/3
   580 | D:1      | Found a faded altar of an unknown god.
   600 | D:1      | Reached skill level 1 in Fighting
   600 | D:1      | Reached skill level 1 in Armour
   781 | D:1      | Reached XP level 2. HP: 16/16 MP: 5/5
  1077 | D:1      | Reached skill level 1 in Maces & Flails
  1427 | D:2      | Reached XP level 3. HP: 17/20 MP: 6/6
  2413 | D:3      | You fall into a shaft and drop 3 floors!
  2418 | D:6      | Noticed a sky beast
  2443 | D:6      | Reached skill level 1 in Shields
  2443 | D:6      | Reached XP level 4. HP: 23/25 MP: 7/7
  2480 | D:6      | Slain by a gnoll

Illustrated notes

Levels and vault maps discovered:
D:1:      denvon_arrival_hothouse, layout_loops_ring,
          ebering_ecumenical_altar_petrified, chequers_serial_rivers_micro_e
D:2:      layout_basic
D:3:      layout_loops_ring, kennysheep_ying_yang
D:6:      layout_gridville, cheibriados_altar_2, hangedman_ru_absence,
          lightli_temple_of_fire, minmay_temple_entry_drinking_statues

Skill      XL: |  1  2  3  4 |
---------------+-------------+-----
Fighting       | 1 |  1.0
Armour         | 1 |  1.0
Maces & Flails | 1 2 3 |  3.0
Shields        | 1 |  1.5
Short Blades   | |  0.8
Dodging        | |  1.5
Stealth        | |  3.2
Spellcasting   | |  2.0
Hexes          | |  2.6

Action                   |  1- 3 |  4- 6 || total
-------------------------+-------+-------++-------
Melee: Dagger            |   148 |     9 ||   157
 Stab: Sleeping          |     2 |       ||     2
Armor: Robe              |     8 |       ||     8
       Leather armour    |    36 |     5 ||    41
Dodge: Dodged            |    78 |    10 ||    88

Table legend: (Time is in decaauts)
 A = Elapsed time spent in this place.
 B = Non-inter-level travel time spent in this place.
 C = Inter-level travel time spent in this place.
 D = Time resting spent in this place.
 E = Time spent auto-exploring this place.
 F = Levels seen in this place.
 G = Mean time per level.
                   A        B        C        D        E       F      G
               +--------+--------+--------+--------+--------+-----+--------+
         Total |   2472 |   2287 |    185 |    626 |   1307 |   4 |  618.0 |
       Dungeon |   2472 |   2287 |    185 |    626 |   1307 |   4 |  618.0 |
               +--------+--------+--------+--------+--------+-----+--------+

Top non-repeatable levels by time:
     D:2: 1199 daAuts
     D:1: 1148 daAuts
     D:6: 66 daAuts
     D:3: 58 daAuts
